 Dungeon Sprint DCSS version 0.31-a0-18-gea43df2a32 (webtiles) character file.

Game seed: 11888756124946100735

732 bmack86 the Warrior (level 7, -6/127 HPs)
             Began as a Minotaur Fighter on May 10, 2023.
             Was an Initiate of Okawaru.
             Mangled by a deep troll (8 damage)
             ... in the Dungeon (Sprint I: "Red Sonja").
             The game lasted 00:04:09 (495 turns).

bmack86 the Warrior (Minotaur Fighter)               Turns: 495, Time: 00:04:10

Health: -6/127     AC:  6    Str: 23    XL:     7   Next: 45%
Magic:  7/7        EV: 10    Int:  5    God:    Okawaru [......]
Gold:   203        SH:  4    Dex:  9    Spells: 6/6 levels left

rFire   . . .        a - +0 war axe
rCold   . . .        c - +0 buckler
rNeg    . . .        b - +0 scale mail
rPois   .            (helmet restricted)
rElec   .            (no cloak)
rCorr   .            (no gloves)
SInv    .            (no boots)
Will    .....        (no amulet) Stlth
                     (no ring)
HPRegen 0.41/turn    (no ring)
MPRegen 0.10/turn

%: no teleportation
@: berserking, very quick
A: horns 2, retaliatory headbutt
a: Renounce Religion


You were in the Dungeon.
You worshipped Okawaru.
Okawaru was noncommittal.
You visited 1 branch You collected 405 gold pieces.
You spent 202 gold pieces at shops.

Inventory:

Hand Weapons
 a - a +0 war axe (weapon)
Missiles
 d - 3 curare-tipped darts
 k - 6 atropa-tipped darts
Armour
 b - a +0 scale mail (worn)
 c - a +0 buckler (worn)
Scrolls
 g - 2 scrolls of identify
 j - 2 scrolls of blinking
 l - a scroll of fear
Potions
 e - 2 potions of curing
 h - 2 potions of magic


   Skills:
 + Level 16.3 Fighting
 + Level 10.0 Axes
 - Level 3.6 Armour
 - Level 1.5 Dodging
 - Level 1.3 Stealth
 - Level 3.6 Shields
 * Level 2.6 Invocations
 + Level 0.3 Evocations


You had 6 spell levels left.
You didn't know any spells.
Your spell library was empty.

Dungeon Overview and Level Annotations

Branches:
Dungeon (1/1)

Altars:
Cheibriados
Dithmenos
Elyvilon
Fedhas
Gozag
Hepliaklqana
Kikubaaqudgha
Makhleb
Nemelex Xobeh
Okawaru
Qazlal
Ru
Sif Muna
Trog
Uskayaw
Vehumet
Wu Jian
Xom
Yredelemnul
Zin
The Shining One
Jiyva
Lugonu

Shops:
D ?(


Innate Abilities, Weirdness & Mutations

You have a pair of horns on your head.
You reflexively headbutt those who attack you in melee.


Message History

The deep troll barely misses you. You furiously retaliate!
You headbutt the deep troll! The deep troll claws you!
The deep troll barely misses you.
You barely miss the deep troll.
The deep troll is severely wounded.
You block the deep troll's attack.
The deep troll claws you but does no damage.
The deep troll closely misses you.
You hit the deep troll but do no damage.
You headbutt the deep troll.
The deep troll is severely wounded.
The deep troll misses you.
The deep troll claws you but does no damage.
The deep troll claws you!
* * * LOW HITPOINT WARNING * * *
You feel much better. The deep troll bites you!
The deep troll claws you but does no damage.
You block the deep troll's attack.
You hit the deep troll but do no damage.
You headbutt the deep troll, but do no damage.
The deep troll is severely wounded.
The deep troll bites you! The deep troll claws you!
* * * LOW HITPOINT WARNING * * *
The deep troll claws you!
* * * LOW HITPOINT WARNING * * *
You feel much better. The deep troll bites you. The deep troll claws you!
* * * LOW HITPOINT WARNING * * *
The deep troll barely misses you.
You hit the deep troll but do no damage.
You headbutt the deep troll!
The deep troll is almost dead.
The deep troll bites you!
* * * LOW HITPOINT WARNING * * *
The deep troll claws you!
* * * LOW HITPOINT WARNING * * *
The deep troll claws you.
* * * LOW HITPOINT WARNING * * *
A red film seems to cover your vision as you go berserk!
You feel yourself moving faster!
You feel mighty! The deep troll bites you!
You die...

#..#####'#####'#__#
#..####..#...#[####
#..#__####..##.#
#..#_____##'#_.+
#⌠⌠#_.∩...†..._#
####_..__##_.#'#
#_____###)#.#
############.####+###
#∩........'...@T$.$$+
###++++####...#######
##.## #+#


You could see a deep troll.

Vanquished Creatures
  A slime creature (D)
  Sigmund (D)
  A yak (D)
  A golden eye (D)
  An ogre (D)
  A jelly (D)
  Ijyb (D)
7 creatures vanquished.

Notes
Turn   | Place    | Note
-------+----------+-------------------------------------------
     0 | D        | bmack86 the Minotaur Fighter began the quest for the Orb.
     0 | D        | Reached XP level 1. HP: 19/19 MP: 0/0
     2 | D        | Noticed Ijyb
     7 | D        | Killed Ijyb
     8 | D        | Reached skill level 7 in Fighting
     8 | D        | Reached XP level 2. HP: 34/34 MP: 1/1
    36 | D        | Noticed an ogre
    41 | D        | Killed an ogre
    42 | D        | Reached skill level 10 in Fighting
    42 | D        | Reached skill level 5 in Axes
    42 | D        | Reached XP level 3. HP: 8/46 MP: 2/2
    42 | D        | Reached XP level 4. HP: 9/52 MP: 3/3
   210 | D        | Noticed Sigmund
   220 | D        | Killed Sigmund
   221 | D        | Reached skill level 13 in Fighting
   221 | D        | Reached skill level 1 in Stealth
   221 | D        | Reached XP level 5. HP: 43/64 MP: 4/4
   221 | D        | Reached XP level 6. HP: 49/72 MP: 5/5
   304 | D        | Found a burning altar of Makhleb.
   304 | D        | Found a viscous altar of Jiyva.
   304 | D        | Found a shimmering altar of Xom.
   304 | D        | Found a corrupted altar of Lugonu.
   304 | D        | Noticed a slime creature
   308 | D        | Killed a slime creature
   309 | D        | Reached skill level 15 in Fighting
   309 | D        | Reached skill level 1 in Dodging
   310 | D        | Found an ornate altar of the Wu Jian Council.
   310 | D        | Found a shimmering blue altar of Sif Muna.
   312 | D        | Found a radiant altar of Vehumet.
   345 | D        | Found Laqerali's Weapon Emporium.
   345 | D        | Found an ancient bone altar of Kikubaaqudgha.
   345 | D        | Found a hazy altar of Hepliaklqana.
   345 | D        | Found a stormy altar of Qazlal.
   345 | D        | Found a hide-covered altar of Uskayaw.
   345 | D        | Found a blossoming altar of Fedhas.
   345 | D        | Found a bloodstained altar of Trog.
   345 | D        | Found an iron altar of Okawaru.
   345 | D        | Found a basalt altar of Yredelemnul.
   345 | D        | Found a glowing golden altar of the Shining One.
   345 | D        | Found a snail-covered altar of Cheibriados.
   345 | D        | Found a sacrificial altar of Ru.
   345 | D        | Found a glowing silver altar of Zin.
   345 | D        | Found a shadowy altar of Dithmenos.
   345 | D        | Found a white marble altar of Elyvilon.
   345 | D        | Noticed a yak
   354 | D        | Killed a yak
   355 | D        | Reached XP level 7. HP: 55/84 MP: 6/6
   355 | D        | Found an opulent altar of Gozag.
   356 | D        | Found a sparkling altar of Nemelex Xobeh.
   362 | D        | Became a worshipper of Warmaster Okawaru
   365 | D        | Bought 6 atropa-tipped darts for 64 gold pieces
   443 | D        | Noticed Sonja
   445 | D        | Sonja changed into Sonja the golden eye
   445 | D        | Noticed Sonja
   446 | D        | Killed Sonja the golden eye
   447 | D        | Reached skill level 16 in Fighting
   447 | D        | Reached skill level 10 in Axes
   465 | D        | Found Enac Unka's Magic Scroll Boutique.
   473 | D        | Bought a scroll of blinking for 90 gold pieces
   473 | D        | Bought a scroll of fear for 48 gold pieces
   485 | D        | Noticed a deep troll
   494 | D        | HP: 4/85 [deep troll (7)]
   494 | D        | HP: 1/85 [deep troll (3)]
   495 | D        | Mangled by a deep troll

Illustrated notes

Levels and vault maps discovered:
D:        dungeon_sprint_1 [red_sonja_temple_1, red_sonja_temple_small_1]

Skill      XL: |  1  2  3  4  5  6  7 |
---------------+----------------------+-----
Fighting       | 7 10 13 15 16 | 16.3
Axes           | 3 5 7 9 10 | 10.0
Stealth        | 1 |  1.3
Dodging        | 1 |  1.5
Invocations    | 2 |  2.6
Armour         | |  3.6
Shields        | |  3.6
Evocations     | |  0.3

Action                     |  1- 3 |  4- 6 |  7- 9 || total
---------------------------+-------+-------+-------++-------
  Melee: War axe           |     8 |    23 |     7 ||    38
         Headbutt          |       |     4 |     5 ||     9
  Evoke: Wand              |       |       |     2 ||     2
    Use: Potion            |     2 |       |     3 ||     5
         Scroll            |       |     1 |       ||     1
 Armour: Skin              |     2 |       |       ||     2
         Scale mail        |       |     5 |     3 ||     8
  Dodge: Dodged            |     1 |     6 |     7 ||    14
  Block: Buckler           |       |     1 |     4 ||     5

Table legend: (Time is in decaauts)
 A = Elapsed time spent in this place.
 B = Non-inter-level travel time spent in this place.
 C = Inter-level travel time spent in this place.
 D = Time resting spent in this place.
 E = Time spent auto-exploring this place.
 F = Levels seen in this place.
 G = Mean time per level.
                   A        B        C        D        E       F      G
               +--------+--------+--------+--------+--------+-----+--------+
         Total |    483 |    483 |      0 |    298 |      0 |   1 |  483.0 |
       Dungeon |    483 |    483 |      0 |    298 |      0 |   1 |  483.0 |
               +--------+--------+--------+--------+--------+-----+--------+

Top non-repeatable levels by time:
       D: 483 daAuts
